 Dungeon Crawl Stone Soup version 0.25.1-9-gc5326a611f (webtiles) character file.

Game seed: 15738552791360056633

2084 Goreval the Sneak (level 9, -5/51 HPs)
             Began as an Octopode Wizard on Dec 29, 2020.
             Was a Believer of Nemelex Xobeh.
             Shot with an arrow by a centaur (11 damage)
             ... on level 7 of the Dungeon on Jan 1, 2021.
             The game lasted 00:33:07 (11621 turns).

Goreval the Sneak (Octopode Wizard)                Turns: 11621, Time: 00:33:08

Health: -5/51      AC:  1    Str: 12    XL:     9   Next: 27%
Magic:  15/25      EV: 16    Int: 26    God:    Nemelex Xobeh [**....]
Gold:   282        SH:  0    Dex: 14    Spells: 7/18 levels left

rFire    + . .     SeeInvis .   i - +1 dagger (protect)
rCold    . . .     Gourm    .   (no shield)
rNeg     + . .     Faith    .   a - +0 hat
rPois    .         Spirit   .   C - amulet "Votsasysch" {*Drain rF+ Regen+ Int+2 Dex+4}
rElec    .         Reflect  .   p - ring of stealth
rCorr    .         Harm     .   g - ring of magical power
MR       .....                  o - ring of positive energy
Stlth    +++++.....             y - +6 ring of strength
HPRegen  0.57/turn              (no ring)
MPRegen  0.19/turn              (no ring)
                                (no ring)
                                (no ring)

@: very slightly contaminated
A: almost no armour, stealthy swim, amphibious, 8 rings, constrict 8, camouflage
1, gelatinous body 1
a: Draw Escape, Draw Destruction, Draw Summoning, Renounce Religion


You were on level 7 of the Dungeon.
You worshipped Nemelex Xobeh.
Nemelex Xobeh was pleased with you.
You were very hungry.

You visited 2 branches of the dungeon, and saw 8 of its levels.

You collected 453 gold pieces.
You spent 171 gold pieces at shops.

Inventory:

Hand Weapons
 i - a +1 dagger of protection (weapon)
Missiles
 t - 185 stones (quivered)
Armour
 a - a +0 hat (worn)
 w - the +2 kite shield "Qicvuah" {-Tele +Fly rC- rCorr}
   (You bought it in a shop on level 4 of the Dungeon)

   It makes you vulnerable to cold.
   It lets you fly.
   It prevents most forms of teleportation.
   It provides partial protection from all sources of acid and corrosion.
Jewellery
 g - a ring of magical power (right tentacle)
 o - a ring of positive energy (on tentacle)
 p - a ring of stealth (left tentacle)
 y - a +6 ring of strength (on tentacle)
 C - the amulet "Votsasysch" (around mantle) {*Drain rF+ Regen+ Int+2 Dex+4}
   (You found it on level 5 of the Dungeon)

   [amulet of regeneration]

   It affects your intelligence (+2).
   It affects your dexterity (+4).
   It protects you from fire.
   It increases your rate of regeneration.
   It causes draining when unequipped.
Scrolls
 d - 2 scrolls of identify
 f - 3 scrolls of amnesia
 h - a scroll of fear
 j - 5 scrolls of remove curse
 l - a scroll of enchant weapon {unknown}
 m - 4 scrolls of teleportation
 r - 3 scrolls of fog {unknown}
 v - a scroll of silence {unknown}
 z - 4 scrolls of immolation {unknown}
 A - 2 scrolls of enchant armour {unknown}
 D - a scroll of magic mapping {unknown}
 E - a scroll of noise {unknown}
 G - a scroll of acquirement {unknown}
Potions
 b - 3 potions of might
 e - 3 potions of flight
 k - 3 potions of heal wounds
 n - 2 potions of lignification
 q - a potion of invisibility {unknown}
 s - a potion of resistance {unknown}
 u - a potion of mutation {unknown}
 x - a potion of ambrosia {unknown}
 B - 2 potions of curing {unknown}
 F - a potion of stabbing {unknown}
Comestibles
 c - 13 rations


   Skills:
 + Level 5.7 Dodging
 + Level 6.2 Stealth
 - Level 5.0 Spellcasting
 - Level 5.0 Conjurations
 * Level 5.1 Summonings
 - Level 1.0 Translocations
 + Level 5.1 Invocations


You had 7 spell levels left.
You knew the following spells:

 Your Spells              Type           Power        Failure   Level  Hunger
a - Magic Dart            Conj           ####         1%          1    None
b - Mephitic Cloud        Conj/Pois/Air  ###.....     12%         3    #......
c - Call Canine Familiar  Summ           ####....     2%          3    #......
n - Blink                 Tloc           N/A          8%          2    None
z - Call Imp              Summ           ####....     1%          2    None

Your spell library contained the following spells:

 Spells                   Type           Power        Failure   Level  Hunger
 Summon Small Mammal      Summ           ####         1%          1    None
 Infusion                 Chrm           #...         8%          1    None
 Summon Guardian Golem    Hex/Summ       ###.....     8%          3    #......
 Conjure Flame            Conj/Fire      ###.....     9%          3    #......
 Shroud of Golubria       Chrm/Tloc      #.....       10%         2    None
 Slow                     Hex            #.......     12%         2    None
 Song of Slaying          Chrm           #.......     12%         2    None
 Gell's Gravitas          Tloc           ##........   16%         3    #......
 Confusing Touch          Hex            #.......     22%         3    #......
 Ozocubu's Armour         Chrm/Ice       #.......     22%         3    #......
 Spectral Weapon          Hex/Chrm       #.......     22%         3    #......
 Summon Ice Beast         Ice/Summ       ###.....     26%         4    ###....
 Summon Lightning Spire   Summ/Air       ###.....     26%         4    ###....
 Petrify                  Tmut/Erth      #.......     58%         4    ###....
 Metabolic Englaciation   Hex/Ice        #.........   91%         5    #####..
 Yara's Violent Unravell  Hex/Tmut       #.........   91%         5    #####..


Dungeon Overview and Level Annotations

Branches:
Dungeon (7/15)             Temple (1/1) D:4

Altars:
Ashenzari
Cheibriados
Dithmenos
Elyvilon
Fedhas
Gozag
Hepliaklqana
Nemelex Xobeh
Okawaru
Qazlal
Ru
Sif Muna
Trog
Uskayaw
Vehumet
Wu Jian
Xom
Yredelemnul
Zin
The Shining One

Shops:
D:4 [

Annotations:
D:1 Terence
D:4 Eustachio, Menkaure
D:5 Grinder


Innate Abilities, Weirdness & Mutations

You cannot wear most types of armour.
You are very stealthy in the water. (Stealth+)
You are amphibious.
You can wear up to eight rings at the same time.
You can use your tentacles to constrict eight enemies at once.
Your skin changes colour to match your surroundings (Stealth+).
Your rubbery body absorbs attacks. (AC +1, EV +1)


Message History

Nothing appears to happen.
The centaur shoots an arrow.
The arrow hits you!
* * * LOW HITPOINT WARNING * * *
You draw a card...
You have drawn Wild Magic.
The centaur looks incredibly listless.
The centaur is drained!
You feel a surge of magic.
You feel your power returning.
The centaur shoots an arrow.
The arrow misses you.
Here: a centaur, wielding a +0 shortbow and quivering 8 arrows (almost dead, lightly drained)
The floor.
Aim: a centaur, wielding a +0 shortbow and quivering 8 arrows (almost dead, lightly drained)
You miscast Mephitic Cloud.
You feel a sudden electric shock.
* * * LOW HITPOINT WARNING * * *
The centaur shoots an arrow.
The arrow hits you.
* * * LOW HITPOINT WARNING * * *
You draw a card...
You have drawn Pain.
Aim: a centaur, wielding a +0 shortbow and quivering 7 arrows (almost dead, lightly drained)
The centaur shoots an arrow.
The arrow hits you!
You die...
Your body glows with a rainbow of weird colours and disappears.

..# ##### #.# #.# #.#
#.#
#.#####.################
#.......c(..c.....(((..)
######(#####(...#######
#@# ##.((## #### #.(.#
###.....###..#
###.###....(........
#.........(...P.P.
....P.P.....P♣P♣P.
....P♣P..)).PP♣PP.
..P♣PPP♣c...♣♣♣♣P.
...PPPPP#§''## ###
♣P♣♣♣P#§..#


.og You could see a centaur (drained).

Vanquished Creatures
  Sigmund (D:2)
  A black bear (D:6)
  A phantom (D:5)
  An ice beast (D:5)
  2 bullfrogs (D:6)
  2 howler monkeys (D:7)
  A bullfrog zombie (D:6)
  A centaur skeleton (D:4)
  3 hounds
  A jelly (D:6)
  4 orc priests
  4 worker ants
  Natasha (thrice) (D:3)
  5 orc wizards
  A hound zombie (D:6)
  Robin (D:4)
  A howler monkey skeleton (D:7)
  A gnoll (D:7)
  9 adders
  A shadow imp (D:5)
  An ooze (D:2)
  A worm (D:2)
  4 dart slugs
  5 leopard geckos
  17 orcs
  11 giant cockroaches
  16 goblins
  14 hobgoblins
  6 jackals
  A quokka (D:6)
  3 ball pythons
  7 bats
  2 frilled lizards
  A jackal skeleton (D:4)
  8 kobolds
  A leopard gecko skeleton (D:5)
  9 rats
151 creatures vanquished.

Vanquished Creatures (collateral kills)
  Edmund (D:4)
  A swamp drake (D:7)
  A black bear (D:6)
  An ice beast (D:5)
  An ogre (D:7)
  A wolf (D:7)
  A gnoll sergeant (D:7)
  A bullfrog (D:7)
  A crimson imp (D:6)
  A hound (D:4)
  A centaur skeleton (D:6)
  2 orc wizards
  2 worker ants
  A gnoll (D:7)
  An ooze (D:7)
  6 orcs
  2 hobgoblins (D:7)
  A jackal (D:6)
  A kobold (D:7)
  A quokka (D:6)
  4 goblins (D:4)
  A quokka zombie (D:6)
33 creatures vanquished.

Grand Total: 184 creatures vanquished

Notes
Turn   | Place    | Note
-------+----------+-------------------------------------------
     0 | D:1      | Goreval the Octopode Wizard began the quest for the Orb.
     0 | D:1      | Reached XP level 1. HP: 11/11 MP: 4/4
   234 | D:1      | Reached XP level 2. HP: 17/17 MP: 1/6
   246 | D:1      | Learned a level 2 spell: Blink
   249 | D:1      | Learned a level 2 spell: Call Imp
  1042 | D:1      | Reached XP level 3. HP: 15/21 MP: 2/7
  1789 | D:2      | Noticed Terence
  1954 | D:1      | HP: 1/21 [Terence/+4 short sword of speed (9)]
  2511 | D:2      | Noticed Sigmund
  2553 | D:2      | Reached XP level 4. HP: 27/27 MP: 3/9
  2641 | D:4      | Found Wiubouge's Antique Armour Shop.
  2643 | D:4      | Noticed Edmund
  3355 | D:3      | Noticed Natasha
  3360 | D:3      | Killed Natasha
  3545 | D:3      | Reached XP level 5. HP: 22/31 MP: 10/10
  4103 | D:3      | Noticed Natasha
  4126 | D:3      | Killed Natasha
  4553 | D:3      | Noticed Natasha
  4561 | D:3      | Killed Natasha
  4821 | D:3      | Learned a level 3 spell: Mephitic Cloud
  5191 | D:3      | Reached XP level 6. HP: 17/36 MP: 11/11
  5512 | D:4      | Found a staircase to the Ecumenical Temple.
  5516 | D:4      | Noticed Robin
  5521 | Temple   | Entered the Ecumenical Temple
  5750 | Temple   | Became a worshipper of Nemelex Xobeh the Trickster
  5787 | D:4      | Killed Robin
  6440 | D:4      | Received a gift from Nemelex Xobeh
  6546 | D:4      | Noticed Eustachio
  6650 | D:4      | Found a sacrificial altar of Ru.
  6804 | D:4      | Killed Edmund
  6804 | D:4      | Reached skill level 5 in Conjurations
  6804 | D:4      | Reached XP level 7. HP: 15/41 MP: 2/13
  7242 | D:4      | Bought a transparent kite shield for 171 gold pieces
  7248 | D:4      | Identified the +2 kite shield "Qicvuah" {-Tele +Fly rC-
                  | rCorr} (You bought it in a shop on level 4 of the Dungeon)
  7270 | D:4      | Noticed Menkaure
  7494 | D:2      | Killed Sigmund
  7494 | D:2      | Reached skill level 3 in Stealth
  7494 | D:2      | Reached skill level 1 in Invocations
  7928 | D:5      | Entered Level 5 of the Dungeon
  7950 | D:5      | Noticed Grinder
  8009 | D:5      | Received a gift from Nemelex Xobeh
  8152 | D:5      | Reached * piety under Nemelex Xobeh
  8200 | D:5      | Reached XP level 8. HP: 30/46 MP: 15/15
  8843 | D:5      | Found a stormy altar of Qazlal.
  8846 | D:5      | Noticed an air elemental
  8846 | D:5      | Noticed a water elemental
  8860 | D:5      | Got a scintillating emerald amulet
  9155 | D:6      | Received a gift from Nemelex Xobeh
  9231 | D:6      | Reached skill level 4 in Stealth
  9466 | D:6      | Reached skill level 5 in Spellcasting
  9541 | D:6      | Identified the amulet "Votsasysch" {*Drain rF+ Regen+ Int+2
                  | Dex+4} (You found it on level 5 of the Dungeon)
  9768 | D:6      | Learned a level 3 spell: Call Canine Familiar
  9792 | D:6      | Reached skill level 5 in Dodging
  9917 | D:6      | Received a gift from Nemelex Xobeh
  9938 | D:6      | Reached skill level 5 in Stealth
 10078 | D:6      | Found a bloodstained altar of Trog.
 10199 | D:6      | Reached ** piety under Nemelex Xobeh
 10414 | D:7      | Found a radiant altar of Vehumet.
 10601 | D:7      | Found a shimmering altar of Xom.
 10602 | D:7      | Found a shimmering altar of Xom.
 10603 | D:7      | Found a shimmering altar of Xom.
 10603 | D:7      | Found a shimmering altar of Xom.
 10604 | D:7      | Found a shimmering altar of Xom.
 10604 | D:7      | Found a shimmering altar of Xom.
 10661 | D:7      | Reached XP level 9. HP: 51/51 MP: 16/16
 10703 | D:7      | Received a gift from Nemelex Xobeh
 10753 | D:7      | Found a snail-covered altar of Cheibriados.
 10797 | D:7      | Found a shadowy altar of Dithmenos.
 10797 | D:7      | Found a glowing golden altar of the Shining One.
 10799 | D:7      | Found a basalt altar of Yredelemnul.
 10802 | D:7      | Found a glowing silver altar of Zin.
 11208 | D:7      | Reached skill level 6 in Stealth
 11208 | D:7      | Reached skill level 5 in Invocations
 11258 | D:7      | Reached skill level 5 in Summonings
 11621 | D:7      | Shot with an arrow by a centaur

Illustrated notes

Levels and vault maps discovered:
D:1:      dpeg_arrival_ternary, layout_basic
D:2:      layout_rooms, grunt_ministairs_2, minmay_worlds_worst_comb,
          uniq_terence, uniq_sigmund
D:3:      layout_loops_ring, first_ration, st_stairs_6, uniq_natasha
D:4:      layout_rooms, nicolae_ru_great_annihilating_truth,
          minmay_temple_entry_grid, serial_shops,
          nicolae_shop_overgrown_old_shop, chequers_garden, uniq_eustachio,
          uniq_menkaure, uniq_robin, uniq_edmund
D:5:      layout_rooms, nicolae_qazlal_style_of_elements, uniq_grinder
D:6:      layout_loops_ring, overflow_temple_1_default
D:7:      kennysheep_housing_project, layout_basic, minitemple,
          kiku_gazebo_garden_becter, vehumet_crystals, kennysheep_mini_moat,
          solitary_fountain, xom_redecorated
Temple:   minmay_temple_curvy_loop

Skill      XL: |  1  2  3  4  5  6  7  8  9 |
---------------+----------------------------+-----
Conjurations   | 2 3 4 5 |  5.0
Dodging        | 3 4 5 |  5.7
Spellcasting   | 4 5 |  5.0
Stealth        | 3 5 6 |  6.2
Invocations    | 2 4 5 |  5.1
Summonings     | 2 4 5 |  5.1
Translocations | |  1.0

Action                   |  1- 3 |  4- 6 |  7- 9 || total
-------------------------+-------+-------+-------++-------
Melee: Unarmed           |     6 |       |       ||     6
       Constrict         |     5 |    16 |    10 ||    31
       Dagger            |    14 |    84 |    51 ||   149
       Tentacles         |     2 |    11 |     6 ||    19
 Cast: Magic Dart        |    81 |   118 |   237 ||   436
       Call Imp          |       |    17 |    28 ||    45
       Mephitic Cloud    |       |       |     1 ||     1
       Call Canine Famil |       |       |    17 ||    17
Invok: Draw Destruction  |       |       |     6 ||     6
       Draw Summoning    |       |       |     1 ||     1
  Use: Scroll            |       |     8 |       ||     8
       Potion            |       |     1 |       ||     1
 Stab: Sleeping          |       |     1 |     1 ||     2
       Distracted        |       |     1 |       ||     1
  Eat: Chunk             |     5 |     6 |    14 ||    25
       Ration            |       |     2 |       ||     2
Armor: Skin              |     7 |    33 |    16 ||    56
Dodge: Dodged            |    17 |   108 |   111 ||   236
